AoeStats
← stinkepete2000

Arena

508713818Analyzed
2v2 RM · 8d ago on Sep 23, 2026· 44m 31s· 4 players
Game mode
Random Map
Map size
Medium (4 player)
Population
200
Speed
Normal
Resources
Standard
Victory
Conquest
Starting age
Dark Age
Ending age
Imperial Age
RankedLock teamsTeams togetherTeam positionsShared explorationLock speedFull tech treeHidden civsTurbo modeCheats
Victory
Defeat
🇩🇪 Teutons · Germany
1231
+19
🇩🇪 Hindustanis · Germany
1230
+19
🇩🇪 Franks · Germany
1294
-19
🇩🇪 Turks · Germany
1286
-19
Puschel der Waschbär
7:11 Loom
10:51 Feudal Age
14:35 Castle Age
12:46 Double-Bit Axe
15:54 Bow Saw
18:40 Gold Mining
19:56 Wheelbarrow
21:29 Bloodlines
23:36 Scale Barding Armor
28:29 Chain Barding Armor
31:23 Imperial Age
29:13 Hand Cart
28:43 Town Watch
29:49 Forging
29:33 Horse Collar
32:18 Iron Casting
33:10 Chemistry
31:39 Cavalier
34:22 Plate Barding Armor
35:11 Blast Furnace
36:04 Siege Engineers
36:36 Fortified Wall
39:38 Paladin
42:01 Crenellations
stinkepete2000
10:37 Feudal Age
14:30 Castle Age
12:54 Double-Bit Axe
13:41 Horse Collar
16:00 Bow Saw
21:18 Bloodlines
22:05 Scale Barding Armor
22:14 Gold Mining
22:39 Loom
22:40 Town Watch
23:29 Forging
23:48 Husbandry
24:20 Chain Barding Armor
24:26 Devotion
25:08 Sanctity
25:27 Wheelbarrow
26:55 Iron Casting
27:22 Stone Mining
28:26 Iron Casting
30:22 Imperial Age
28:07 Fletching
30:20 Ballistics
31:16 Hand Cart
30:26 Heavy Camel Rider
31:52 Plate Barding Armor
32:19 Blast Furnace
33:20 Gold Shaft Mining
34:07 Heavy Plow
36:09 Chemistry
35:08 Bodkin Arrow
36:21 Conscription
36:02 Shatagni
36:08 Padded Archer Armor
36:33 Imperial Camel Rider
37:44 Masonry
37:47 Bracer
39:46 Siege Engineers
43:23 Stone Shaft Mining
42:50 Grand Trunk Road
43:26 Leather Archer Armor
45:40 Hoardings
ShmitHappens
5:36 Loom
12:18 Feudal Age
16:47 Castle Age
17:44 Double-Bit Axe
17:50 Gold Mining
21:00 Imperial Age
19:35 Padded Archer Armor
21:28 Leather Archer Armor
29:03 Bow Saw
32:09 Horse Collar
38:29 Husbandry
38:39 Bloodlines
38:38 Scale Barding Armor
39:27 Forging
42:42 Chain Barding Armor
42:57 Iron Casting
Balen-Pro
7:47 Loom
11:01 Feudal Age
15:39 Castle Age
13:55 Double-Bit Axe
17:04 Scale Barding Armor
19:18 Forging
20:55 Gold Mining
21:21 Bow Saw
23:44 Wheelbarrow
22:54 Town Watch
24:17 Chain Barding Armor
24:32 Iron Casting
27:13 Husbandry
27:06 Fletching
28:32 Hand Cart
35:45 Imperial Age
34:47 Bodkin Arrow
34:54 Padded Archer Armor
35:53 Fortified Wall
35:54 Cavalier
42:48 Conscription
43:11 Siege Engineers
44:11 Paladin
Connection lost

Rejoining the realm…

Still unreachable

The connection could not be restored.

Session expired

The server has moved on; the page needs a fresh start.